 Dungeon Crawl Stone Soup version 0.28-b1-1-g3c77fb2ed1 (webtiles) character file.

Game seed: 13606105333375549061

1965 hawla the Cudgeller (level 9, -15/64 HPs)
             Began as a Purple Draconian Conjurer on Jan 30, 2022.
             Was a Follower of Vehumet.
             Demolished by a death yak (24 damage)
             ... on level 8 of the Dungeon.
             The game lasted 00:23:06 (9135 turns).

hawla the Cudgeller (Purple Draconian Conjurer)     Turns: 9135, Time: 00:23:06

Health: -15/64     AC: 11    Str: 12    XL:     9   Next: 0%
Magic:  2/18       EV: 12    Int: 25    God:    Vehumet [*.....]
Gold:   131        SH:  5    Dex: 18    Spells: 13/20 levels left

rFire   . . .      SeeInvis .   c - +0 whip "Ultimatum" {venom, Str+2 Dex+3}
rCold   + . .      Faith    .   e - +0 buckler {reflect}
rNeg    . . .      Spirit   .   (armour unavailable)
rPois   .          Reflect  +   t - +2 hat of the Mordant Bull {*Slow rC+ Int+2}
rElec   .          Harm     .   j - +0 cloak
rCorr   .          Rampage  .   (no gloves)
Will    +....                   n - +0 pair of boots
Stlth   ++........              (no amulet)
HPRegen 0.20/turn               g - +6 ring of dexterity
MPRegen 0.16/turn               o - +4 ring of slaying

@: about to teleport, very slightly contaminated
A: breathe power, AC +7, unfitting armour, cold-blooded
a: Breathe Dispelling Energy, Renounce Religion


You were on level 8 of the Dungeon.
You worshipped Vehumet.
Vehumet was aware of your devotion.
You visited 2 branches of the dungeon, and saw 9 of its levels.

You collected 465 gold pieces.
You spent 334 gold pieces at shops.

Inventory:

Hand Weapons
 c - the +0 whip "Ultimatum" (weapon) {venom, Str+2 Dex+3}
   (You found it on level 5 of the Dungeon)

   It poisons the flesh of those it strikes.
   Str:       It affects your strength (+2).
   Dex:       It affects your dexterity (+3).
Missiles
 a - 6 poisoned darts (quivered)
Armour
 e - a +0 buckler of reflection (worn)
 j - a +0 cloak (worn)
 n - a +0 pair of boots (worn)
 t - the +2 hat of the Mordant Bull (worn) {*Slow rC+ Int+2}
   (You acquired it on level 7 of the Dungeon)

   Int:       It affects your intelligence (+2).
   rC:        It protects you from cold.
   *Slow:     It may slow you when you take damage.
Jewellery
 g - a +6 ring of dexterity (left hand)
 k - a ring of resist corrosion
 l - a ring of positive energy
 o - a +4 ring of slaying (right hand)
 p - a +6 ring of dexterity
Wands
 s - a wand of flame (7)
Scrolls
 b - 2 scrolls of identify
 d - a scroll of teleportation
 r - a scroll of silence
Potions
 f - a potion of haste
 h - a potion of attraction
 i - 2 potions of brilliance
 m - a potion of lignification
 q - 3 potions of curing


   Skills:
 - Level 1.0 Fighting
 + Level 7.6 Maces & Flails
 - Level 1.0 Throwing
 - Level 2.0 Dodging
 - Level 1.7 Stealth
 - Level 4.0 Shields
 + Level 6.2 Spellcasting
 - Level 5.0 Conjurations
 - Level 4.0 Translocations
 - Level 1.0 Evocations


You had 13 spell levels left.
You knew the following spells:

 Your Spells              Type           Power      Damage    Failure   Level
a - Magic Dart            Conj           100%       1d8       1%          1
b - Searing Ray           Conj           64%        2d6       1%          2
c - Iskenderun's Mystic   Conj/Tloc      30%        2d8       14%         4

Your spell library contained the following spells:

 Spells                   Type           Power      Damage    Failure   Level
 Shock                    Conj/Air       80%        1d8       3%          1
 Freeze                   Ice            28%        1d5       10%         1
 Dazzling Flash           Conj/Hex       40%        N/A       10%         3
 Sublimation of Blood     Necr           7%         N/A       14%         2
 Wereblood                Tmut           7%         N/A       14%         2
 Frozen Ramparts          Ice            14%        1d3       28%         3
 Fulminant Prism          Conj/Hex       10%        3d9       32%         4
 Hailstorm                Conj/Ice       20%        3d6       32%         4
 Summon Ice Beast         Ice/Summ       7%         N/A       67%         4
 Summon Mana Viper        Hex/Summ       7%         N/A       95%         5
 Monstrous Menagerie      Summ           3%         N/A       100%        7
 Summon Hydra             Summ           3%         N/A       100%        7


Dungeon Overview and Level Annotations

Branches:
Dungeon (8/15)             Temple (1/1) D:4            Lair (0/6) D:8

Altars:
Ashenzari
Cheibriados
Dithmenos
Fedhas
Kikubaaqudgha
Makhleb
Nemelex Xobeh
Okawaru
Qazlal
Ru
Sif Muna
Trog
Uskayaw
Vehumet
Wu Jian
Xom
Yredelemnul
Zin
The Shining One

Shops:
D:4 =   D:5 [   D:7 *

Annotations:
D:4 2 transporters, DemonSlayer's ghost, novice DECj


Innate Abilities, Weirdness & Mutations

You can breathe bolts of dispelling energy.
Your rich purple scales are hard. (AC +7)
You cannot fit into any form of body armour.
You are cold-blooded and may be slowed by cold attacks.


Message History

The death yak is knocked back by the mystic blast.
The death yak slams into the rock wall!
The yak closely misses you.
You hit the yak.
You kill the yak!
Vehumet accepts your kill.
Training target 1.0 for Evocations reached!
Your Evocations skill increases to level 1!
You have reached level 9!
Your experience leads to an increase in your attributes!
Your base attributes are Str 10, Int 21, Dex 9.
Increase (S)trength, (I)ntelligence, or (D)exterity?
You feel clever. x2; Your scales feel tougher.
Saving game... please wait.
Welcome back, hawla the Purple Draconian Conjurer.
Vehumet says: Let it end in hellfire!
Press ? for a list of commands and other information.
Okay, then.
You hit the death yak but do no damage.
The death yak is moderately wounded.
The death yak misses you.
The death yak gores you but does no damage.
You hit the death yak.
The death yak is poisoned.
The death yak is moderately wounded.
The yak misses you. The death yak gores you.
You hit the death yak but do no damage.
The death yak is poisoned.
You tail-slap the death yak.
The death yak is lightly wounded.
You are no longer locked in place.
The death yak gores you! The yak gores you but does no damage.
You barely miss the death yak. You tail-slap the death yak.
The death yak is lightly wounded.
The death yak gores you. The death yak gores you! x2
* * * LOW HITPOINT WARNING * * *
The yak gores you!
* * * LOW HITPOINT WARNING * * *
Okay, then.
As you read the scroll of teleportation, it crumbles to dust.
You feel strangely unstable. The death yak closely misses you.
The death yak gores you!!
You die...

###########
#....YY...####
####.#####......#
##....# #.#.##.#
#...#.#####.#..#
#...#.#.....Y..#
#YYY#.#.......##
#Y@.#.#......#Y....
#...#.#####+##.....
#..##.# .....
#...#.# ..#./ #.#.#
.#... #.#.# ...>.
#.#.# .... #.#.#
#.#.#


You could see 3 death yaks and a yak.

Vanquished Creatures
  2 yaks (D:8)
  A water moccasin (D:6)
  A black bear (D:6)
  An ogre (D:5)
  A necrophage (D:6)
  3 centaurs
  A phantom (D:6)
  A bullfrog (D:6)
  3 scorpions
  A gnoll sergeant (D:5)
  An electric eel (D:6)
  A howler monkey (D:5)
  A centaur zombie (D:6)
  A hound (D:6)
  8 iguanas
  An orc wizard (D:7)
  Terence (D:2)
  2 howler monkey zombies
  A howler monkey skeleton (D:6)
  8 gnolls
  4 adders
  A white imp (D:6)
  An adder skeleton (D:3)
  3 worms
  6 dart slugs
  18 orcs
  11 ball pythons
  9 bats
  7 endoplasms
  3 giant cockroaches (D:3)
  10 goblins
  5 hobgoblins
  5 jackals
  9 kobolds
  5 quokkas
  5 frilled lizards
  4 rats
146 creatures vanquished.

Vanquished Creatures (others)
  14 plants
14 creatures vanquished.

Grand Total: 160 creatures vanquished

Notes
Turn   | Place    | Note
-------+----------+-------------------------------------------
     0 | D:1      | hawla the Draconian Conjurer began the quest for the Orb.
     0 | D:1      | Reached XP level 1. HP: 14/14 MP: 3/3
   152 | D:1      | Reached XP level 2. HP: 20/20 MP: 0/5
   155 | D:1      | Learned a level 2 spell: Searing Ray
   320 | D:1      | Reached skill level 1 in Translocations
   894 | D:1      | Reached XP level 3. HP: 26/26 MP: 2/6
  1811 | D:2      | Found a glowing golden altar of the Shining One.
  2052 | D:2      | Noticed Terence
  2057 | D:2      | Killed Terence
  2058 | D:2      | Reached XP level 4. HP: 33/33 MP: 0/8
  2134 | D:2      | Learned a level 4 spell: Iskenderun's Mystic Blast
  3222 | D:3      | Found a blossoming altar of Fedhas.
  3448 | D:3      | Reached XP level 5. HP: 38/38 MP: 5/9
  4252 | D:3      | Reached skill level 5 in Conjurations
  4392 | D:4      | Found a basalt altar of Yredelemnul.
  4483 | D:4      | Found Oreinool's Jewellery Shoppe.
  4562 | D:4      | Found a bloodstained altar of Trog.
  4772 | D:4      | Found a transporter.
  4773 | D:4      | Found a transporter.
  4774 | D:4      | Noticed DemonSlayer's ghost (novice DECj)
  4914 | D:4      | Found a staircase to the Ecumenical Temple.
  4991 | Temple   | Entered the Ecumenical Temple
  5171 | Temple   | Became a worshipper of Vehumet
  5509 | D:5      | Entered Level 5 of the Dungeon
  5609 | D:5      | Noticed an ogre
  5623 | D:5      | Killed an ogre
  5624 | D:5      | Reached XP level 6. HP: 38/45 MP: 6/12
  5933 | D:5      | Reached skill level 1 in Fighting
  6366 | D:5      | Identified the +0 whip "Ultimatum" {venom, Str+2 Dex+3}
  6525 | D:5      | Reached skill level 5 in Spellcasting
  6525 | D:5      | Your scales start taking on a rich purple colour.
  6525 | D:5      | Reached XP level 7. HP: 52/52 MP: 2/16
  6647 | D:5      | Reached skill level 1 in Maces & Flails
  6694 | D:5      | Found Evau's Armour Emporium.
  6697 | D:5      | Bought a +0 buckler of reflection for 110 gold pieces
  6848 | D:6      | Found a burning altar of Makhleb.
  6882 | D:6      | Reached skill level 2 in Maces & Flails
  6882 | D:6      | Reached skill level 1 in Shields
  6956 | D:6      | Reached skill level 3 in Maces & Flails
  7214 | D:6      | Reached XP level 8. HP: 51/59 MP: 17/17
  7287 | D:6      | Reached skill level 4 in Maces & Flails
  7304 | D:6      | Reached skill level 1 in Throwing
  7308 | D:6      | Reached * piety under Vehumet
  7308 | D:6      | Offered knowledge of Shock by Vehumet.
  7542 | D:6      | Reached skill level 5 in Maces & Flails
  8166 | D:7      | Found a hide-covered altar of Uskayaw.
  8358 | D:7      | Reached skill level 6 in Maces & Flails
  8808 | D:7      | Found Inuloj's Assorted Antiques.
  8824 | D:7      | Bought a fluorescent wand for 128 gold pieces
  8824 | D:7      | Bought a scroll of identify for 64 gold pieces
  8824 | D:7      | Bought a scroll labelled URHOUXYHYGG for 32 gold pieces
  8956 | D:7      | Acquired the +2 hat of the Mordant Bull {*Slow rC+ Int+2}
  9022 | D:8      | Found a staircase to the Lair.
  9023 | D:8      | Noticed a death yak
  9023 | D:8      | Noticed a death yak
  9025 | D:8      | Noticed a death yak
  9031 | D:8      | Reached skill level 7 in Maces & Flails
  9131 | D:8      | Reached skill level 1 in Evocations
  9131 | D:8      | Reached XP level 9. HP: 64/64 MP: 1/18
  9135 | D:8      | Demolished by a death yak

Illustrated notes

Levels and vault maps discovered:
D:1:      pf_arrival_petrified_forest, layout_basic, kennysheep_boxes
D:2:      layout_basic, basic_altar, minmay_heptomino_l4, uniq_terence
D:3:      layout_basic, fedhas_ov_isle_minmay, serial_bayou_pond_a,
          minmay_pentangle
D:4:      layout_basic, amcnicky_altar_gilded,
          mainiacjoe_overflow_six_doors_small, temple_doors_e, serial_shops,
          shop, gammafunk_ghost_gnarly_gnolls
D:5:      layout_loops_ring, serial_shops, nicolae_shop_behind_doors
D:6:      layout_rooms, mainiacjoe_overflow_concentric_impassable,
          serial_park_tiny_2, kennysheep_generic_room_4
D:7:      layout_loops_ring, mainiacjoe_overflow_surrounded_room,
          enter_bailey_2, serial_shops,
          nicolae_shop_temple_entry_statues_fountains
D:8:      layout_basic, nicolae_gozag_seed_capital, dpeg_lair_monsters,
          gammafunk_ghost_cemetery, nicolae_elevator_lobby_plus
Temple:   jpeg_temple_clearing

Skill      XL: |  1  2  3  4  5  6  7  8 |
---------------+-------------------------+-----
Translocations | 1 2 3 4 |  4.0
Spellcasting   | 3 4 6 |  6.2
Conjurations   | 5 |  5.0
Fighting       | 1 |  1.0
Dodging        | 2 |  2.0
Maces & Flails | 3 7 |  7.6
Shields        | 3 4 |  4.0
Throwing       | 1 |  1.0
Evocations     | 1 |  1.0
Stealth        | |  1.7

Action                   |  1- 3 |  4- 6 |  7- 9 || total
-------------------------+-------+-------+-------++-------
Melee: Unarmed           |    17 |    25 |       ||    42
       Tailslap          |     3 |    10 |    20 ||    33
       Whip              |       |    15 |   111 ||   126
       Punch             |       |     3 |     1 ||     4
Throw: Dart              |       |     3 |       ||     3
 Cast: Magic Dart        |    28 |    31 |     3 ||    62
       Searing Ray       |    23 |    45 |    11 ||    79
       Iskenderun's Myst |       |     3 |    13 ||    16
  Use: Scroll            |     1 |    11 |     5 ||    17
       Potion            |       |       |     2 ||     2
 Stab: Sleeping          |       |       |     3 ||     3
Armor: Skin              |     3 |    30 |    45 ||    78
Dodge: Dodged            |    17 |    51 |    79 ||   147
Block: Buckler           |       |       |    34 ||    34
       Reflection        |       |       |     3 ||     3
